 Dungeon Sprint DCSS version 0.23-a0-171-g5ae17c6 (webtiles) character file.

144 Fang the Skirmisher (level 5, -1/39 HPs)
             Began as a Gargoyle Berserker on Sept 14, 2018.
             Was a Believer of Trog.
             Slain by a tarantella (10 damage)
             ... in the Dungeon (Sprint V: "Ziggurat Sprint").
             The game lasted 00:00:51 (138 turns).

Fang the Skirmisher (Gargoyle Berserker)             Turns: 138, Time: 00:00:52

Health: -1/39      AC: 20    Str: 33    XL:     5   Next: 27%
Magic:  5/5        EV: 10    Int:  8    God:    Trog [**....]
Gold:   0          SH:  0    Dex:  9    Spells: 4/4 levels left

rFire    . . .     SeeInvis .   k - +5 executioner's axe
rCold    . . .     Gourm    .   (shield currently unavailable)
rNeg     + . .     Faith    .   j - +5 shadow dragon scales
rPois    ∞         Spirit   .   (no helmet)
rElec    +         Reflect  .   (no cloak)
rCorr    .         Harm     .   (no gloves)
MR       .....     NoTele   +   (no boots)
Stlth    ++........             (no amulet)
HPRegen  0.13/turn              D - +6 ring of strength
MPRegen  0.09/turn              E - +6 ring of strength

@: berserk cooldown, slowed, very slow
A: negative energy resistance 1, electricity resistance, unbreathing,
petrification resistance, rot immunity, AC +4
a: Berserk, Trog's Hand, Renounce Religion


You were in the Dungeon.
You worshipped Trog.
Trog was pleased with you.
You were not hungry.

You visited 1 branch

Inventory:

Hand Weapons
 k - a +5 executioner's axe (weapon)
Armour
 j - +5 shadow dragon scales (worn)
Jewellery
 D - a +6 ring of strength (left hand)
 E - a +6 ring of strength (right hand)
Wands
 w - a wand of disintegration (7)
 x - a wand of iceblast (7)
 y - a wand of acid (7)
Scrolls
 i - 4 scrolls of blinking
 l - 7 scrolls of fog
 m - a scroll of holy word
 n - 5 scrolls of identify
 o - 5 scrolls of remove curse
 p - 2 scrolls of fear
Potions
 d - 10 potions of curing
 e - 9 potions of heal wounds
 f - 6 potions of haste
 g - 7 potions of magic
 h - 3 potions of berserk rage
 q - 2 potions of brilliance
 r - 2 potions of invisibility
 s - 4 potions of resistance
 t - a potion of experience
 u - 5 potions of agility
 v - 5 potions of might
Miscellaneous
 a - a lamp of fire
Comestibles
 c - 7 rations


   Skills:
 + Level 7.6 Fighting
 + Level 6.4 Axes
 + Level 4.1 Armour
 + Level 3.0 Dodging


You had 4 spell levels left.
You didn't know any spells.
Your spell library was empty.

Dungeon Overview and Level Annotations

Branches:
Dungeon (1/1)

Altars:
Ashenzari
Cheibriados
Dithmenos
Elyvilon
Fedhas
Gozag
Hepliaklqana
Kikubaaqudgha
Makhleb
Nemelex Xobeh
Okawaru
Qazlal
Ru
Sif Muna
Trog
Uskayaw
Vehumet
Wu Jian
Xom
Yredelemnul
Zin
The Shining One
Beogh
Jiyva
Lugonu

Annotations:
D 1 transporter


Innate Abilities, Weirdness & Mutations

You are resistant to torment.
Your stone body is resilient. (AC +4)
You are immune to poison.
You resist negative energy. (rN+)
You are resistant to electric shocks. (rElec)
You can survive without breathing.
You are immune to petrification.
You are immune to rotting.


Message History

The tarantella barely misses you.
The tarantella bites you but does no damage.
You're too confused to move!
The tarantella bites you but does no damage.
The tarantella closely misses you. The tarantella barely misses you.
You barely miss the tarantella.
The tarantella is heavily wounded.
The tarantella bites you but does no damage.
The tarantella bites you. x2
The tarantella bites you but does no damage. x2
You bump into the unnaturally hard rock wall.
You feel less confused.
The tarantella bites you but does no damage.
The tarantella misses you. The tarantella bites you!
* * * LOW HITPOINT WARNING * * *
The tarantella misses you.
The tarantella bites you but does no damage.
The tarantella bites you but does no damage.
The tarantella bites you!
You die...

▓▓▓▓▓▓▓▓▓▓▓▓▓
▓.8©8.▓.8©8.▓
▓.[}|.▓.....▓
▓@....▓...}.▓
▓s..†.▓.....▓
▓.....▓..)..▓
▓.....▓..©..▓
▓..©..▓▓▓▓▓▓▓
▓▓▓▓▓▓▓


You could see a tarantella.

Vanquished Creatures
  2 scorpions (D)
  A wight (D)
  A bat skeleton (D)
4 creatures vanquished.

Notes
Turn   | Place    | Note
-------+----------+-------------------------------------------
     0 | D        | Found the +6 Majin-Bo {vamp, Archmagi MP+6 Int+6}
     0 | D        | Found the +7 great mace "Firestarter" {inner flame, rF++}
     0 | D        | Fang the Gargoyle Berserker began the quest for the Orb.
     0 | D        | Reached XP level 1. HP: 14/14 MP: 1/1
     5 | D        | Found a blossoming altar of Fedhas.
     6 | D        | Found a viscous altar of Jiyva.
     6 | D        | Found a hazy altar of Hepliaklqana.
     6 | D        | Found a transporter.
     6 | D        | Found an opulent altar of Gozag.
     6 | D        | Found an ancient bone altar of Kikubaaqudgha.
     6 | D        | Found a corrupted altar of Lugonu.
    10 | D        | Found a burning altar of Makhleb.
    11 | D        | Found a sacrificial altar of Ru.
    11 | D        | Found a stormy altar of Qazlal.
    11 | D        | Found a deep blue altar of Sif Muna.
    11 | D        | Found an iron altar of Okawaru.
    11 | D        | Found a bloodstained altar of Trog.
    11 | D        | Found a sparkling altar of Nemelex Xobeh.
    70 | D        | Entered arena 2.
    70 | D        | Noticed a wight
    70 | D        | Found a transporter.
    73 | D        | Killed a wight
    73 | D        | Reached skill level 5 in Fighting
    73 | D        | Reached XP level 2. HP: 22/22 MP: 2/2
    73 | D        | Reached XP level 3. HP: 27/27 MP: 3/3
   115 | D        | Entered arena 3.
   115 | D        | Noticed a scorpion
   115 | D        | Noticed a tarantella
   115 | D        | Noticed a scorpion
   115 | D        | Found a transporter.
   121 | D        | Killed a scorpion
   121 | D        | Reached ** piety under Trog
   121 | D        | Reached skill level 6 in Fighting
   121 | D        | Reached skill level 5 in Axes
   121 | D        | Reached XP level 4. HP: 32/32 MP: 4/4
   121 | D        | Reached skill level 7 in Fighting
   121 | D        | Reached XP level 5. HP: 39/39 MP: 5/5
   138 | D        | Slain by a tarantella

Vault maps used:
D:        sprint_v

Skill      XL: |  1  2  3  4 |
---------------+-------------+-----
Axes           | 4 5 6 |  6.4
Fighting       | 5 6 7 |  7.6
Armour         | 3 4 |  4.1
Dodging        | 2 3 |  3.0

Action                   |  1- 3 |  4- 6 || total
-------------------------+-------+-------++-------
Melee: Executioner's axe |     5 |     8 ||    13
Invok: Berserk           |     2 |       ||     2
  Use: Potion            |       |     1 ||     1
Armor: Shadow dragon sca |     7 |    20 ||    27
Dodge: Dodged            |     4 |    15 ||    19

Table legend:
 A = Non-vault XP
 B = Vault XP
 C = Vault XP percentage of total XP
 D = Non-vault monster count
 E = Vault monster count
 F = Vault count percentage of total count
                 A         B        C        D         E       F
            +---------+---------+-------+---------+---------+-------
      Total |       0 |     207 | 100.0 |       0 |       4 | 100.0
            +---------+---------+-------+---------+---------+-------
          D |       0 |     207 | 100.0 |       0 |       4 | 100.0
            +---------+---------+-------+---------+---------+-------
